[Event "41st Zalakaros Festival 2022"]
[Site "Zalakaros"]
[Date "2022.06.06"]
[Round "2.9"]
[White "Jeszenszky, Jozsef"]
[Black "Gyorkos, Lajos"]
[Result "1/2-1/2"]
[ECO "E46"]
[WhiteElo "2055"]
[BlackElo "2254"]
[Annotator "TA"]
[PlyCount "61"]
[EventDate "2022.06.05"]
[EventType "swiss"]
[EventCountry "HUN"]
[SourceTitle "playchess.com"]
[Source "ChessBase"]
[SourceQuality "1"]
[TimeControl "40/5400+30:1800+30"]

1. d4 Nf6 2. c4 e6 3. Nc3 Bb4 4. e3 O-O 5. Bd2 d5 6. Nf3 c5 7. a3 Bxc3 8. Bxc3 Ne4 {[%emt 0:00:57] 8...Ne4 scores better than 8...cxd4. E51: Nimzo-Indian: Rubinstein: 4...0-0 5 Nf3 d5.} 9. Rc1 (9. Qc2 {keeps more tension.} Nd7 10. cxd5 exd5 11. dxc5 Ndxc5 12. b4) 9... cxd4 (9... b6 {looks sharper.} 10. dxc5 bxc5 11. Bd3 Nxc3 12. Rxc3 Nd7) 10. Qxd4 Nxc3 {[%emt 0:00:10] White is slightly better.} 11. Qxc3 dxc4 12. Bxc4 Nc6 13. O-O Bd7 14. Rfd1 Qe7 {[%emt 0:00:19] [#]} 15. Ne5 $146 ({Predecessor:} 15. b4 a6 16. Nd2 Rfd8 17. Nb3 Be8 18. Bd3 Rac8 19. Qb2 Nb8 20. Rxc8 Rxc8 21. Rd2 {½-½ (28) Dreev,A (2662)-Arutinian,D (2555) Skopje 2019}) 15... Nxe5 16. Qxe5 Bc6 {[%emt 0:00:22] [#]} 17. Bd5 $1 Bxd5 18. Rxd5 {[%emt 0:00:07][%mdl 64] Pin} Rfd8 19. Rdc5 f6 20. Qc3 Rd7 21. g3 Rad8 22. Rc7 Kf7 23. Qa5 a6 24. Qb6 {Hoping for Qxb7.} Rd1+ (24... Rxc7 $11 {keeps the balance.} 25. Rxc7 Rd7) 25. Kg2 $16 Rxc1 26. Rxe7+ ({Reject} 26. Rxc1 $6 e5 $11) 26... Kxe7 27. Qxa6 $2 {[%mdl 8192] KQ-KRR} Rd7 $2 (27... bxa6 $19 28. b3 Rb8) 28. Qxb7 $2 Rc2 $2 {[#]} (28... Rxb7 {mates} 29. b4 Ra1 30. Kh3 Rxa3 31. g4 Rxb4 32. Kg3 g5 33. Kh3 e5 34. Kg2 e4 35. Kg3 Rb2 36. h4 Raa2 37. hxg5 fxg5 38. f4 Rg2+ 39. Kh3 Rh2+ 40. Kg3 Rag2#) 29. Qa6 ({Only move:} 29. Qb4+ $1 $16 Kf7 30. b3) 29... Rdd2 30. b4 $2 (30. Qa7+ $11 Kd6 31. Kg1) 30... Kf8 $2 ({Black should try} 30... Rxf2+ $19 31. Kg1 Rg2+ 32. Kf1 Rxh2) 31. Qa7 $2 {[%mdl 40960] Weighted Error Value: White=1.22/Black=0.80. An unexpected result.} ({Don't play} 31. Qxe6 $6 Rxf2+ 32. Kh3 Rxh2+ 33. Kg4 Rcf2 34. Qd6+ Kf7 35. Qd7+ Kf8 36. Qd6+ Kf7 37. Qd7+ Kf8 38. Qd6+ $11) (31. Qa8+ $16 Ke7 32. Qb7+ Kf8 33. Qa8+ Ke7 34. Qb7+ Kf8 35. Qa8+) 1/2-1/2

[Event "41st Zalakaros Festival 2022"]
[Site "Zalakaros"]
[Date "2022.06.06"]
[Round "2.10"]
[White "Vegh, Endre"]
[Black "Boguszlavszkij, Jevgenyij"]
[Result "1/2-1/2"]
[ECO "D36"]
[WhiteElo "2225"]
[BlackElo "2088"]
[Annotator "TA"]
[PlyCount "49"]
[EventDate "2022.06.05"]
[EventType "swiss"]
[EventCountry "HUN"]
[SourceTitle "playchess.com"]
[Source "ChessBase"]
[SourceQuality "1"]
[TimeControl "40/5400+30:1800+30"]

1. d4 Nf6 2. c4 e6 3. Nc3 d5 4. cxd5 exd5 5. Bg5 c6 6. Qc2 h6 {[%emt 0:01:49] is cutting edge theory.} 7. Bh4 {[%emt 0:04:41] D36: Queen's Gambit Declined: Exchange Variation: Main line (5 Bg5 c6 6 Qc2).} (7. Bxf6 {seems wilder.} Qxf6 8. Nxd5 Qxd4 9. Rd1) 7... g6 8. e3 Bf5 9. Bd3 Bxd3 10. Qxd3 Nbd7 11. Nge2 Be7 12. f3 {[%emt 0:01:51] [#]} Nh5 $146 ({Predecessor:} 12... O-O 13. O-O Re8 14. Rad1 a6 15. Bf2 h5 16. h3 Nh7 17. e4 dxe4 18. fxe4 c5 {1-0 (46) Grandelius,N (2651)-Antonsen,M (2376) Ballerup 2020}) 13. Bf2 Ng7 14. e4 Nb6 15. O-O O-O 16. Rae1 Qd7 17. Ng3 Rfe8 18. Re2 Ne6 19. Be3 {[%emt 0:02:40] Inhibits Nf4.} Bf8 20. e5 {[%emt 0:06:27] f4 is the strong threat.} h5 (20... c5 $1 $14) 21. f4 $1 $18 {[%emt 0:17:34] Strongly threatening f5.} h4 {[%emt 0:03:15] [#]} 22. Nh1 ({Don't play} 22. f5 $6 hxg3 23. fxe6 gxh2+ 24. Kh1 Qxe6 $16) (22. Nh5 $1 $18 {[%cal Rh5f6][%mdl 512] Hoping for Nf6+.} gxh5 23. f5) 22... Ng7 $14 23. Bf2 (23. Rf3 $14 {should be considered.}) 23... Qf5 24. Qxf5 (24. Qf3 $5 ) 24... Nxf5 25. g4 {[%emt 0:00:38] Weighted Error Value: White=0.15 (very precise) /Black=0.13 (very precise)} 1/2-1/2

[Event "41st Zalakaros Festival 2022"]
[Site "Zalakaros"]
[Date "2022.06.07"]
[Round "3.1"]
[White "Kantor, Gergely"]
[Black "Farkas, Gabor"]
[Result "1-0"]
[ECO "A80"]
[WhiteElo "2587"]
[BlackElo "2324"]
[Annotator "TA"]
[PlyCount "85"]
[EventDate "2022.06.05"]
[EventType "swiss"]
[EventCountry "HUN"]
[SourceTitle "playchess.com"]
[Source "ChessBase"]
[SourceQuality "1"]
[TimeControl "40/5400+30:1800+30"]

1. d4 f5 2. Nc3 Nf6 3. Bg5 d5 4. Bxf6 exf6 5. e3 Be6 6. Bd3 c6 7. Qf3 {[%emt 0:02:04] A80: Dutch Defence: Unusual White second moves.} Qd7 8. Nge2 {[%emt 0:08:04] White is more active.} Na6 9. Bxa6 $5 {[%emt 0:07:43][%mdl 4] White is better. An interesting side line.} bxa6 10. Na4 Rb8 11. Nf4 {[%emt 0:06:32] Pair of Knights!} Bd6 {[%emt 0:04:48] [#]} 12. Nxe6 $146 ({Predecessor:} 12. Qe2 Rb5 13. b3 O-O 14. O-O g5 15. Nd3 Qc7 16. Ndc5 Bc8 17. c4 Rb8 18. Rac1 Qa5 19. cxd5 cxd5 20. Qf3 Qd8 21. Qxd5+ Kh8 22. Nc3 {1-0 (22) Prokopchuk,Y (2275)-Timirev,S (1788) St Petersburg 2018}) 12... Qxe6 13. O-O O-O 14. g3 Rfc8 15. Rac1 g6 16. a3 a5 17. c3 Kg7 18. Rc2 h5 19. c4 h4 ({Weaker is} 19... dxc4 20. Rfc1 $16) 20. Rfc1 hxg3 {[%emt 0:02:20] White leaves nothing to chance now.} ({Better is} 20... g5 $14) 21. hxg3 $18 Rh8 (21... g5 {is a better defense.} 22. cxd5 cxd5) 22. cxd5 cxd5 {[%emt 0:00:02] [#]} 23. Rc6 $1 Rh3 $2 (23... f4) 24. Nc5 Qe7 25. Qxd5 Bxc5 26. R1xc5 {[%emt 0:01:33] Strongly threatening Rc7.} ({But not} 26. Qxc5 $2 Qe4 27. Qe7+ (27. Qxa7+ {leads to mate.} Kh6) 27... Qxe7 $19) 26... Kh6 (26... Rxb2 $2 27. Rc7 Qxc7 28. Rxc7+) 27. Kg2 Rh5 28. Qe6 Qxe6 29. Rxe6 Rxb2 30. Rxa5 {[%emt 0:01:04][%mdl 4096] Endgame KRR-KRR} Rb1 31. Rxf6 Rbh1 32. Kf3 R5h2 33. Raxf5 Ra1 34. Rf4 Rxa3 35. Rg4 Ra2 36. Rgxg6+ Kh7 37. Ke4 a5 38. f4 Rhe2 39. Rh6+ Kg7 40. Rhg6+ Kh7 41. Kf5 {[%emt 0:08:44] White mates.} Rxe3 42. Rf7+ Kh8 43. Kf6 {[%emt 0:00:51] Weighted Error Value: White=0.10 (very precise) /Black=0.71} 1-0

[Event "41st Zalakaros Festival 2022"]
[Site "Zalakaros"]
[Date "2022.06.07"]
[Round "3.2"]
[White "Bernath, Bence"]
[Black "Pranav Vijay"]
[Result "0-1"]
[ECO "C78"]
[WhiteElo "2202"]
[BlackElo "2265"]
[Annotator "TA"]
[PlyCount "100"]
[EventDate "2022.06.05"]
[EventType "swiss"]
[EventCountry "HUN"]
[SourceTitle "playchess.com"]
[Source "ChessBase"]
[SourceQuality "1"]
[TimeControl "40/5400+30:1800+30"]

1. e4 e5 2. Nf3 Nc6 3. Bb5 a6 4. Ba4 Nf6 5. O-O b5 6. Bb3 Bb7 7. Re1 Bc5 8. c3 d6 9. d4 Bb6 10. Bg5 h6 11. Bh4 g5 {[%emt 0:00:12] C78: Ruy Lopez: Archangelsk and Möller Defences.} 12. dxe5 (12. Bg3 $11) 12... dxe5 {[%emt 0:06:57] [#]} ({Much weaker is} 12... Nxe5 13. Bg3 $11) 13. Bg3 $146 ({Predecessor:} 13. Qxd8+ Rxd8 14. Bg3 O-O 15. h3 Rfe8 16. Nbd2 Nh5 17. Bh2 Nf4 18. Bxf4 exf4 19. Bc2 {0-1 (42) Seytembetova,A-Lang,H Bratislava 1993}) 13... Qxd1 {[%emt 0:07:14] Black is slightly better.} 14. Bxd1 O-O-O 15. Bb3 Rhf8 16. a4 {[%emt 0:02:16] [#]} (16. h3 $142) 16... Nxe4 $1 $17 {[%emt 0:19:56][%mdl 512] Threatens to win with ...f5.} 17. axb5 {[%emt 0:04:38] [#]} axb5 18. Rxe4 Na5 $36 {[%emt 0:00:06][%mdl 2048] Black is in control.} 19. Rxa5 Bxe4 20. Ra1 {[%emt 0:00:07] [#]} f5 $1 {[%emt 0:02:39] Black is more active.} 21. Bxe5 {[%emt 0:09:06] [#]} Rfe8 $1 22. Nbd2 $2 {[%emt 0:12:33] [#]} (22. Bd4 $17 c5 23. Be3) 22... Rxe5 $1 $19 {[%emt 0:01:05][%mdl 576] Deflection} 23. Nxe5 (23. Nxe4 Rxe4) 23... Rxd2 24. Rf1 Rxb2 25. Be6+ Kb7 26. g4 f4 27. Bf5 Bd5 28. Bd3 Rb3 29. Rc1 Rb2 30. Rf1 Bc6 31. Nf7 {[%emt 0:01:21] Nd8+ is the strong threat.} Rd2 32. Ne5 Be8 33. Be4+ c6 {[%emt 0:00:05] Strongly threatening ...Re2.} 34. Nf3 Ra2 35. h4 gxh4 36. Nxh4 Bf7 {[%emt 0:00:14] Black is clearly winning.} 37. Nf5 Kc7 {[%emt 0:00:06] Prevents Nd6.} 38. Nd4 Bxd4 39. cxd4 {[%emt 0:00:04][%mdl 4096] Endgame KRB-KRB} Rd2 40. Rc1 Bc4 41. Kg2 Rxd4 42. Kf3 b4 43. Kxf4 Bd5 44. f3 Bxe4 45. fxe4 {[%emt 0:00:04] KR-KR} b3 46. Rb1 Rb4 {[%emt 0:00:06] And now ...c5 would win.} 47. Ke3 Kd6 48. Rb2 Ke5 49. Kd3 c5 50. Rb1 Rxe4 {[%emt 0:00:36] Weighted Error Value: White=0.71/Black=0.13 (very precise)} (50... b2 $142 51. Kc2 Kxe4 52. Re1+ Kf4) 0-1

[Event "41st Zalakaros Festival 2022"]
[Site "Zalakaros"]
[Date "2022.06.07"]
[Round "3.3"]
[White "Pasztor, Ferenc"]
[Black "Papp, Levente"]
[Result "1/2-1/2"]
[ECO "A33"]
[WhiteElo "2195"]
[BlackElo "2401"]
[Annotator "TA"]
[PlyCount "38"]
[EventDate "2022.06.05"]
[EventType "swiss"]
[EventCountry "HUN"]
[SourceTitle "playchess.com"]
[Source "ChessBase"]
[SourceQuality "1"]
[TimeControl "40/5400+30:1800+30"]

1. d4 Nf6 2. Nf3 e6 3. c4 c5 4. Nc3 cxd4 5. Nxd4 Nc6 6. e3 Bb4 {[%emt 0:08:04] The position is equal. 6...Be7 is the modern continuation.} 7. Qb3 {[%emt 0:12:48] A33: Symmetrical English: 2 Nf3 Nf6 3 d4 cxd4 4 Nxd4 e6 5 Nc3 Nc6.} Bc5 8. Nxc6 dxc6 9. Be2 O-O 10. O-O Qe7 11. Qc2 e5 12. Na4 Bd6 13. e4 {[%emt 0:04:15] [#] A rather calm draw.  Weighted Error Value: White=0.03 (flawless) /Black=0.03 (flawless)} {Predecessor:} Nd7 $146 14. Be3 Nc5 15. Rfd1 Ne6 16. c5 Bc7 17. g3 Qf6 18. Rd2 Ng5 19. Bxg5 Qxg5 {0-1 (34) Voinov,S (2325)-Berestnev,V (2346) Kolomna 2012} 1/2-1/2

[Event "41st Zalakaros Festival 2022"]
[Site "Zalakaros"]
[Date "2022.06.07"]
[Round "3.4"]
[White "Okhotnik, Vladimir"]
[Black "Bodrogi, Bendeguz"]
[Result "1/2-1/2"]
[ECO "B30"]
[WhiteElo "2336"]
[BlackElo "2198"]
[Annotator "TA"]
[PlyCount "71"]
[EventDate "2022.06.05"]
[EventType "swiss"]
[EventCountry "HUN"]
[SourceTitle "playchess.com"]
[Source "ChessBase"]
[SourceQuality "1"]
[TimeControl "40/5400+30:1800+30"]

1. e4 c5 2. Nf3 Nc6 3. Bb5 Nf6 4. Nc3 Qc7 5. O-O Nd4 6. Re1 a6 7. e5 {[%emt 0:00:08] B30: Sicilian: 2...Nc6 3 Bb5, lines without ...g6.} Nxb5 8. exf6 Nxc3 9. fxg7 ({Much worse is} 9. dxc3 gxf6 10. Nh4 d6 $15) 9... Bxg7 10. dxc3 d6 11. Ng5 {[%emt 0:00:10][%cal Og5f7] aiming for Nxf7!} h6 12. Bf4 {[%emt 0:00:59] [#] Hoping for Bxd6.} hxg5 $146 ({Predecessor:} 12... O-O 13. Ne4 f5 14. Nxd6 exd6 15. Bxd6 Qf7 16. Bxf8 Bxf8 17. Qd8 b5 18. Rad1 Bb7 {½-½ (36) Volokitin,A (2586)-Eljanov,P (2540) Alushta 2002}) 13. Bxd6 Qd8 (13... Qa5 14. Rxe7+ Kf8 15. Re6+ Kg8 16. Re8+) 14. Rxe7+ Qxe7 15. Bxe7 Kxe7 16. Qd5 {[%emt 0:00:46][%csl LRc5,LRg5] Inhibits Be5.} Kf6 17. f4 {[%emt 0:10:43] Chess con chili.} (17. Rf1 $5 Be6 18. Qxc5 $11) 17... gxf4 18. Qxc5 Be6 19. Qd4+ Kg6 20. Qe4+ Bf5 {[%emt 0:04:24] This bishop pair is nice.} 21. Qxf4 Rad8 22. Qg3+ Kh7 23. Qf3 Bg6 24. Rd1 ({But not} 24. Qxb7 Rb8 25. Qxa6 Rxb2 $17) 24... Rde8 {[%emt 0:08:36][%mdl 1024] Black has compensation.} 25. Rd7 Re1+ 26. Kf2 Rhe8 {[%emt 0:00:14] And now ...R1e6 would win.} 27. h4 {[%emt 0:06:09] [#]} (27. Rd8 $17) 27... Rc1 $1 $19 {[%emt 0:05:51] Strongly threatening ...Ree1.} 28. Kg3 {[%emt 0:10:07] [#]} (28. h5 $142 Rxc2+ 29. Kg3) 28... Rxc2 (28... Be5+ $1 $19 {and Black stays clearly on top.} 29. Kf2 Rxc2+ 30. Kg1 Bb8) 29. Rxf7 $17 Bxf7 30. Qxf7 Ree2 ({Black should play} 30... Re3+ $17 31. Kh2 Rce2) 31. Qh5+ Bh6 (31... Kg8 $1 $15 32. Qd5+ Kf8 33. Qd8+ Kf7 34. Qd7+ Kg6 35. Qg4+ Kf6 36. Qf3+ Ke5 37. Qxb7 Bf6 38. Qb8+ Ke6 39. Qe8+ (39. Qc8+ Kf7 $17) 39... Be7 40. Qc8+ Kf7 41. Qf5+ Bf6 42. Qh5+ Kg7 43. Qg4+ Kf8 44. Qc8+ Kf7 45. Qd7+ Kg8 46. Qg4+ Kf8 47. Qc8+ Kf7 48. Qd7+ Kg6 49. Qg4+ Kh6 50. Qf4+ Kg7 51. Qg4+ Kf8) 32. Qf5+ $11 Kg8 33. Qc8+ Bf8 34. Qxb7 (34. Qg4+ $11 {was the only way to keep the balance.} Bg7 35. Qc8+ Kf7 36. Qxb7+ Kg6 37. h5+ Kh7 38. Kh4) 34... Rxb2 (34... Bd6+ $17 35. Kh3 Re3+ 36. Kg4 Rce2) 35. Qd5+ Kh8 36. Qh5+ {[%emt 0:00:22] Weighted Error Value: White=0.23 (precise) /Black=0.25 (precise)} 1/2-1/2

[Event "41st Zalakaros Festival 2022"]
[Site "Zalakaros"]
[Date "2022.06.07"]
[Round "3.5"]
[White "Csonka, Balazs"]
[Black "Borsos, Bogdan"]
[Result "1-0"]
[ECO "A41"]
[WhiteElo "2498"]
[BlackElo "2200"]
[Annotator "TA"]
[PlyCount "53"]
[EventDate "2022.06.05"]
[EventType "swiss"]
[EventCountry "HUN"]
[SourceTitle "playchess.com"]
[Source "ChessBase"]
[SourceQuality "1"]
[TimeControl "40/5400+30:1800+30"]

1. d4 d6 2. Nf3 Bg4 3. e4 Nf6 4. h3 Bxf3 5. Qxf3 Nc6 6. Bb5 {[%emt 0:02:38] [#] A41: 1 d4 d6: Tartakower System and Modern Defence.} e5 $146 ({Predecessor:} 6... Nd7 7. c3 e5 8. Bc4 Qf6 9. Qxf6 Nxf6 10. d5 Nb8 11. Bd3 Nbd7 12. b4 g6 13. g4 h5 14. g5 Nh7 15. Rg1 Be7 {1-0 (36) Meyer,P (2345)-Vadasz,L (2365) Budapest 1994}) 7. Qc3 exd4 8. Bxc6+ {[%emt 0:00:09] White is better.} bxc6 9. Qxc6+ Nd7 10. Na3 {[%emt 0:03:13] Hoping for Nb5.} a6 {[%emt 0:05:17] [#] Inhibits Nb5.} (10... Be7 $14) 11. Bg5 $1 $16 f6 (11... Be7 12. Bxe7) 12. Bd2 {[%emt 0:04:01] 0x0.00166aa58885dp-1022s more active pieces.} Be7 13. Ba5 Ra7 14. O-O-O O-O 15. g4 Kh8 16. Rxd4 f5 (16... Ne5 $16 17. Qa4 Qa8) 17. exf5 $18 Bf6 18. Rdd1 Ne5 19. Qd5 {[%emt 0:01:10] aiming for f4.} Qb8 20. b3 c6 21. Qxd6 {[%emt 0:03:29] [#]} (21. Qd2 $18) 21... Be7 $11 22. Qxb8 Bxa3+ 23. Kb1 Rxb8 24. Bc3 $40 {[%emt 0:01:16][%mdl 128] White is up to no good.} Nf3 25. f6 gxf6 $2 (25... Re8 $11) 26. Bxf6+ $18 Kg8 27. Rd3 {[%emt 0:00:07] Weighted Error Value: White=0.15 (very precise) /Black=0.48} 1-0

[Event "41st Zalakaros Festival 2022"]
[Site "Zalakaros"]
[Date "2022.06.07"]
[Round "3.6"]
[White "Sammed Jaykumar, Shete"]
[Black "Daroczi, Donat"]
[Result "1-0"]
[ECO "D41"]
[WhiteElo "2400"]
[BlackElo "2132"]
[Annotator "TA"]
[PlyCount "75"]
[EventDate "2022.06.05"]
[EventType "swiss"]
[EventCountry "HUN"]
[SourceTitle "playchess.com"]
[Source "ChessBase"]
[SourceQuality "1"]
[TimeControl "40/5400+30:1800+30"]

1. c4 e6 2. Nf3 d5 3. d4 Nf6 4. Nc3 c5 5. cxd5 Nxd5 6. e4 Nxc3 7. bxc3 cxd4 8. cxd4 Bb4+ 9. Bd2 Bxd2+ 10. Qxd2 O-O 11. Bc4 Nd7 12. O-O b6 13. Rfe1 Bb7 14. Rad1 Rc8 {[%emt 0:05:33] D41: Queen's Gambit Declined: Semi-Tarrasch with 5 cxd5.} 15. Bb3 Nf6 16. Qf4 Nh5 {[%emt 0:02:22] The position is equal.} 17. Qe5 {[%emt 0:00:55] [#]} Nf6 $146 ({Predecessor:} 17... g6 18. d5 exd5 19. exd5 Re8 20. Qd4 Rxe1+ 21. Rxe1 Qd6 22. h3 Rd8 23. Ne5 Re8 {1-0 (34) Muradli,M (2459)-Perez Rodriguez,J (2239) Chess.com INT 2019}) 18. Ng5 Re8 $1 19. Qf4 {[%emt 0:03:37] aiming for e5.} Qc7 (19... Qe7 $11) 20. Qh4 ({White should try} 20. e5 $1 $14 h6 21. Nxf7 $1 (21. Rc1 hxg5 22. Rxc7 gxf4 $14) 21... Qxf7 22. exf6) 20... h6 $15 21. Nf3 b5 22. Ne5 {[%emt 0:04:20] [#]} Nd7 (22... a5 $1 $17 {[%cal Ra5a4] White must now prevent ...a4.} 23. Rd3 Red8) 23. Ng4 $11 Qd8 24. Qg3 {[%emt 0:04:12] Strongly threatening d5.} Kh7 25. d5 {[%emt 0:02:15] Threatens to win with dxe6.} exd5 (25... Qe7 $14) 26. exd5 $16 ({But not} 26. Bxd5 $6 Bxd5 27. exd5 Rxe1+ 28. Rxe1 Qg5 29. Qd3+ Qg6 30. Qxg6+ Kxg6 $11) 26... Rxe1+ 27. Rxe1 Nb6 $2 {[%emt 0:06:52] This move loses the game for Black.} (27... Qa5 $16 28. Rd1 Qb4) 28. Qd3+ $18 Kg8 29. Bc2 (29. d6 $142 Qg5 30. d7) 29... f5 $2 (29... Rxc2 30. Qxc2 Bxd5) 30. Qxf5 Bxd5 {[%emt 0:00:18] [#]} 31. Nxh6+ $1 {[%emt 0:01:44][%mdl 512] White mates.} gxh6 32. Qh7+ Kf8 33. Qxh6+ Kg8 34. Bh7+ Kf7 35. Bg6+ Kg8 36. Qh7+ Kf8 37. Qh8+ Bg8 38. Qh6# {[%emt 0:00:02] Weighted Error Value: White=0.18 (very precise) /Black=0.75} 1-0

[Event "41st Zalakaros Festival 2022"]
[Site "Zalakaros"]
[Date "2022.06.07"]
[Round "3.7"]
[White "Peczely, Sebastian Zsombor"]
[Black "Fodor, Balazs"]
[Result "1-0"]
[ECO "B40"]
[WhiteElo "2313"]
[BlackElo "2126"]
[Annotator "TA"]
[PlyCount "131"]
[EventDate "2022.06.05"]
[EventType "swiss"]
[EventCountry "HUN"]
[SourceTitle "playchess.com"]
[Source "ChessBase"]
[SourceQuality "1"]
[TimeControl "40/5400+30:1800+30"]

1. e4 c5 2. Nf3 e6 3. Nc3 Nc6 4. Bb5 Nge7 5. d4 cxd4 6. Nxd4 {[%emt 0:00:08] B30: Sicilian: 2...Nc6 3 Bb5, lines without ...g6.} Qc7 {[%emt 0:02:31] [#]} 7. Bg5 $146 ({Predecessor:} 7. O-O Ng6 8. Kh1 a6 9. Ba4 Be7 10. f4 O-O 11. Bb3 Nxd4 12. Qxd4 b5 13. f5 {½-½ (20) Epishin,V (2548)-Malakhatko,V (2552) Ferreira do Alentejo 2018}) 7... a6 {[%emt 0:08:58] [#] Threatens to win with ...Nxd4.} 8. O-O $1 {[%emt 0:05:25] The position is equal.} Nxd4 (8... axb5 $2 9. Ndxb5 Qe5 10. Nd6+ Qxd6 11. Qxd6 $18) (8... Ng6 9. Be2) 9. Qxd4 f6 {[%emt 0:07:39] [#]} (9... axb5 $2 10. Nxb5 Qa5 11. Nd6+ Kd8 12. Nxf7+ Ke8 13. Nd6+ Kd8 14. Rfd1 $1 $18) 10. Bh4 Nc6 (10... axb5 11. Nxb5 Qc6 12. Nd6+ Kd8 13. Nf7+ Ke8 14. Nd6+ (14. Nxh8 e5 $14) 14... Kd8 15. Nf7+ Ke8 16. Nxh8 $14) (10... Ng6 11. Bg3) 11. Qa4 (11. Bxc6 $14 bxc6 12. Rfd1) 11... Bd6 (11... Rb8 $1 $15 12. Bg3 axb5 $1 13. Nxb5 Qb6 $1 14. Nd6+ (14. Bxb8 Nxb8 15. c4 Nc6 $15) 14... Bxd6 15. Bxd6 Qxb2 $1) 12. Bg3 $11 Bxg3 13. hxg3 Ne5 14. Rad1 h5 15. Be2 h4 (15... Rb8 $11) 16. gxh4 ({White should try} 16. Nb5 $1 $16 axb5 17. Qxa8) 16... Rxh4 $14 {[%emt 0:06:11][%cal Oe5f3] ( -> ...Nf3+!)} 17. g3 Rh6 18. Nb5 Qc5 19. Nd6+ Kf8 20. c4 $36 {[%emt 0:03:37][%cal Bc2c4,Bc4c5][%mdl 2080] White is more active. Active counter play!} Nc6 {[%emt 0:06:17] Inhibits b4.} (20... b6 $14) 21. Qa3 $16 Qxa3 22. bxa3 Ke7 (22... b5 $16) 23. c5 $18 Rh8 24. Kg2 (24. Rd2 $18) 24... Rb8 25. Nc4 ({Better is} 25. Rh1 $16 Rg8 26. Rh7) 25... Nd8 $2 {[%emt 0:02:12] Black is now going downhill.} (25... b5 $1 $11 {and Black has nothing to worry.} 26. cxb6 d5 27. exd5 exd5 28. Rxd5 Bh3+ 29. Kg1 Bxf1 30. Kxf1 Rbd8) 26. Rd2 (26. Nb6 $1 $18) 26... Nf7 {[%emt 0:01:33] [#]} (26... b5 $16 27. cxb6 d5) 27. Nb6 $1 Rd8 28. Rc1 d6 29. cxd6+ Nxd6 $2 (29... Rxd6 {was called for.} 30. Rxd6 (30. Rxc8 Rxd2 31. Rxb8 Rxe2 $14) (30. Nxc8+ Rxc8 31. Rxc8 Rxd2 $11) 30... Nxd6) 30. Rc7+ Bd7 (30... Rd7 {was necessary.} 31. Nxd7 Bxd7) 31. Bd1 (31. f4 $142) 31... Rbc8 32. Nxc8+ ({Worse is} 32. Rxd7+ Rxd7 33. e5 {[#]} (33. Nxd7 Kxd7 34. Bb3 Rc3 $15) (33. Nxc8+ Nxc8 34. Rxd7+ Kxd7 $11) 33... Rcd8 $1 $11) 32... Rxc8 33. Rxc8 Nxc8 {[%emt 0:00:41][%mdl 4096] Endgame KRB-KBN} 34. f3 Bc6 35. Kf2 Nd6 36. Bb3 {[%emt 0:00:34] Prevents Nc4.} Nb5 37. a4 Nd6 38. Ke3 Ne8 39. Kd4 Kd6 40. Kc3+ Ke7 41. Kb4 g5 42. g4 Nd6 43. Rh2 b6 44. a5 bxa5+ 45. Kc5 Bb5 46. a4 Be8 47. Rh7+ Nf7 48. Kb6 Kd6 49. Kxa5 Ne5 50. Bd1 Nc4+ 51. Kb4 Ne5 52. Rh8 Nc6+ 53. Kc3 Ke7 54. Kc4 Ne5+ 55. Kc5 Nd3+ 56. Kb6 {[%emt 0:01:41][%cal Oh8e8] Black must now prevent Rxe8+!} Nb2 {[%emt 0:00:18] [#]} 57. Rxe8+ $1 Kxe8 {[%emt 0:00:06] KB-KN} 58. Bb3 Kd7 59. a5 Nd3 60. Ba4+ Kd6 61. Kxa6 Nc5+ 62. Kb5 Nxa4 63. Kxa4 {[%emt 0:00:06] White mates.} Kc5 64. a6 Kb6 65. Kb4 Kxa6 66. Kc5 {[%emt 0:00:05] Weighted Error Value: White=0.21 (precise) /Black=0.49} 1-0

[Event "41st Zalakaros Festival 2022"]
[Site "Zalakaros"]
[Date "2022.06.07"]
[Round "3.8"]
[White "Haselbach, David"]
[Black "Ianov, Viktor"]
[Result "1-0"]
[ECO "A36"]
[WhiteElo "2114"]
[BlackElo "2279"]
[Annotator "TA"]
[PlyCount "83"]
[EventDate "2022.06.05"]
[EventType "swiss"]
[EventCountry "HUN"]
[SourceTitle "playchess.com"]
[Source "ChessBase"]
[SourceQuality "1"]
[TimeControl "40/5400+30:1800+30"]

1. c4 c5 2. Nc3 g6 3. g3 Bg7 4. Bg2 Nc6 5. e4 d6 6. Nge2 Qd7 {[%emt 0:00:34] A36: Symmetrical English vs ...g6: 4 Bg2 Bg7.} 7. d3 b6 8. Be3 Bb7 {[%emt 0:00:10] The position is equal.} 9. O-O Nf6 10. h3 O-O 11. Qd2 Rac8 {[%emt 0:00:11] [#]} 12. Rab1 $146 ({Predecessor:} 12. f4 e6 13. g4 d5 14. exd5 exd5 15. Nxd5 Nxd5 16. Bxd5 Rce8 17. f5 Qe7 18. f6 Qxe3+ 19. Qxe3 Rxe3 20. fxg7 Kxg7 {½-½ (24) Smotavicius,G (2191)-Balabaev,F (2080) ICCF email 2006}) 12... Rfd8 13. a3 Ne8 14. b4 Nc7 15. f4 (15. Bh6 $14) 15... Ne6 ({Black should play} 15... Nd4 $11) 16. b5 $14 Ncd4 17. g4 (17. f5 $5 Nc7 18. Bh6 $14) 17... f5 18. Ng3 Rf8 19. Kh2 Rf7 (19... fxg4 $11 {keeps the balance.} 20. hxg4 Nc7) 20. Nd5 (20. exf5 $16 gxf5 21. Bxb7 Qxb7 22. Nd5) 20... Rcf8 (20... fxg4 $11 21. f5 (21. hxg4 Nc7 $11) 21... Nf8) 21. a4 (21. exf5 $16 gxf5 22. g5) 21... Nd8 (21... fxg4 $11 {and Black has nothing to worry.} 22. hxg4 Nc7) 22. Bxd4 Bxd4 23. exf5 e6 24. fxe6 Nxe6 25. Rbe1 Kh8 {[%emt 0:00:32] [#]} 26. f5 (26. a5 $1 $18 ) 26... gxf5 $16 27. gxf5 Ng7 28. f6 Bxf6 {[%emt 0:00:24] [#]} 29. Nxf6 {[%emt 0:02:36] 0x0.00166b27727edp-1022s more active pieces.} (29. Qh6 $1 $16 Bxd5 30. cxd5 (30. Bxd5 Be5 $16)) 29... Rxf6 $14 30. Rxf6 Rxf6 31. Bxb7 Qxb7 32. Ne4 Rg6 33. Qf4 $40 {[%emt 0:00:21][%cal Rf4f8][%mdl 128] White is up to no good.} Nh5 $1 34. Qf5 Nf6 35. Ng5 {[%emt 0:02:26][%cal Oe1e8] Hoping for Re8+!} d5 $2 {[%emt 0:03:29][%mdl 8192] [#]} (35... Qg7 $11 36. Rg1 Qe7) 36. Re8+ $3 $18 Kg7 (36... Nxe8 37. Qf8+) 37. Ne6+ Kh6 38. Qf4+ {[%emt 0:00:31] White mates.} Kh5 39. Qf3+ Kh6 40. Qe3+ Kh5 41. Nf4+ Kh6 42. Nxd5+ {[%emt 0:04:56] Weighted Error Value: White=0.20 (precise) /Black=0.47} 1-0